 Dungeon Crawl Stone Soup version 0.29-a0-322-g68df515428 (webtiles) character file.

Game seed: 17377239307074027775

2995 rabbitsville the Destroyer (level 9, -15/41 (45) HPs)
             Began as a Deep Elf Conjurer on Apr 5, 2022.
             Was an Initiate of Vehumet.
             Demolished by a wight
             ... wielding a +1 battleaxe
              (19 damage)
             ... on level 7 of the Dungeon.
             The game lasted 00:43:10 (9214 turns).

rabbitsville the Destroyer (Deep Elf Conjurer)      Turns: 9214, Time: 00:43:11

HP:   -15/41 (45)   AC:  3    Str:  4    XL:     9   Next: 54%
MP:   23/33         EV: 12    Int: 28    God:    Vehumet [......]
Gold: 451           SH:  0    Dex: 13    Spells: 19/27 levels left

rFire   . . .      SeeInvis +   k - +3 whip (venom)
rCold   . . .      Faith    .   (no shield)
rNeg    . . .      Spirit   .   a - +0 robe
rPois   .          Reflect  .   (no helmet)
rElec   .          Harm     .   (no cloak)
rCorr   .          Rampage  .   (no gloves)
Will    .....                   s - +0 pair of boots
Stlth   ++........              (no amulet)
HPRegen 0.13/turn               q - ring of see invisible
MPRegen 0.23/turn               J - ring of magical power

@: drained
A: no striking features
a: Renounce Religion


You were on level 7 of the Dungeon.
You worshipped Vehumet.
Vehumet was noncommittal.
You visited 2 branches of the dungeon, and saw 8 of its levels.
You also visited: Ossuary.

You collected 451 gold pieces.

Inventory:

Hand Weapons
 k - a +3 whip of venom (weapon)
Missiles
 I - a throwing net
Armour
 a - a +0 robe (worn)
 s - a +0 pair of boots (worn)
Jewellery
 q - a ring of see invisible (left hand)
 v - a +6 ring of dexterity
 J - a ring of magical power (right hand)
Wands
 p - a wand of iceblast (23)
 G - a wand of mindburst (18)
Scrolls
 c - 2 scrolls of holy word {unknown}
 e - 5 scrolls of immolation
 f - 2 scrolls of magic mapping {unknown}
 g - 2 scrolls of enchant weapon {unknown}
 h - 3 scrolls of teleportation
 j - 3 scrolls of amnesia {unknown}
 n - 8 scrolls of identify
 o - 3 scrolls of fog
 r - a scroll of enchant armour {unknown}
 w - a scroll of summoning {unknown}
 x - a scroll of acquirement {unknown}
 y - 3 scrolls of fear
 E - 3 scrolls of blinking {unknown}
 F - a scroll of vulnerability {unknown}
 H - a scroll of brand weapon {unknown}
Potions
 b - 2 potions of magic
 d - a potion of ambrosia {unknown}
 i - 2 potions of degeneration
 l - 2 potions of heal wounds
 m - 3 potions of might {unknown}
 t - 2 potions of lignification {unknown}
 u - 3 potions of curing {unknown}
 z - 3 potions of flight {unknown}
 A - a potion of haste {unknown}
 B - 2 potions of cancellation {unknown}
 C - a potion of invisibility {unknown}
 D - a potion of berserk rage {unknown}
 K - a potion of mutation {unknown}


   Skills:
 - Level 2.4 Dodging
 - Level 2.4 Stealth
 + Level 9.5 Spellcasting
 * Level 11.5 Conjurations
 + Level 6.3 Fire Magic


You had 19 spell levels left.
You knew the following spells:

 Your Spells              Type           Power      Damage    Failure   Level
a - Magic Dart            Conj           100%       1d8       1%          1
b - Searing Ray           Conj           100%       2d8       1%          2
c - Fireball              Conj/Fire      29%        3d13      3%          5

Your spell library contained the following spells:

 Spells                   Type           Power      Damage    Failure   Level
 Dazzling Flash           Conj/Hex       90%        N/A       1%          3
 Mephitic Cloud           Conj/Pois/Air  34%        N/A       2%          3
 Slow                     Hex            52%        N/A       4%          1
 Fulminant Prism          Conj/Hex       22%        3d13      4%          4
 Iskenderun's Mystic Bla  Conj/Tloc      45%        2d10      4%          4
 Call Imp                 Summ           13%        N/A       6%          2
 Confusing Touch          Hex            13%        N/A       13%         3
 Vampiric Draining        Necr           13%        2d6       13%         3
 Starburst                Conj/Fire      29%        6d9       17%         6
 Yara's Violent Unravell  Hex/Tmut       6%         3d5       75%         5
 Enfeeble                 Hex            6%         N/A       100%        7
 Borgnjor's Revivificati  Necr           6%         N/A       100%        8
 Ignition                 Fire           24%        3d8       100%        8
 Necromutation            Tmut/Necr      6%         N/A       100%        8
 Death's Door             Necr           6%         N/A       100%        9


Dungeon Overview and Level Annotations

Branches:
Dungeon (7/15)             Temple (1/1) D:6         Ossuary (visited)

Altars:
Cheibriados
Dithmenos
Elyvilon
Fedhas
Gozag
Hepliaklqana
Kikubaaqudgha
Makhleb
Nemelex Xobeh
Okawaru
Ru
Sif Muna
Trog
Uskayaw
Vehumet
Xom
Yredelemnul
Zin
The Shining One

Shops:
D:4 =


Message History

Vehumet accepts your kill.
A wight comes into view. It is wielding a +1 battleaxe.
You see here a +0 long sword.
You hit the wight but do no damage. The wight hits you with a +0 mace.
A wight comes into view. It is wielding a +5 battleaxe.
The wight attacks as you move away! The wight closely misses you.
The wight barely misses you.
The searing ray misses the wight.
The searing ray hits the wight.
The wight is lightly damaged. (Press . to maintain the ray.)
The wight closely misses you.
The searing ray hits the wight!
The wight is moderately damaged.
The wight closely misses you. x2
The searing ray hits the wight.
The wight is severely damaged.
The wight closely misses you. The wight hits you with a +0 mace.
You feel drained.
As you read the scroll labelled MISKOZ WOIWKU, it crumbles to dust.
The creatures around you are filled with an inner flame!
It was a scroll of immolation.
The wight hits you with a +1 battleaxe!
* * * LOW HITPOINT WARNING * * *
The wight closely misses you.
Okay, then.
As you read the scroll labelled LOCIOX FYATZIO, it crumbles to dust.
The scroll dissolves into smoke.
It was a scroll of fog.
The wight misses you. The wight hits you with a +0 mace.
* * * LOW HITPOINT WARNING * * *
You feel drained.
As you read the scroll labelled COUCINL XEOXTO, it crumbles to dust.
You assume a fearsome visage.
The wight is unaffected. x3
It was a scroll of fear.
The wight barely misses you. x2
The wight hits you with a +1 battleaxe.
* * * LOW HITPOINT WARNING * * *
You feel drained. The wight completely misses you.
As you read the scroll labelled HEXEQ MUZU, it crumbles to dust.
It is a scroll of identify.
h - 3 scrolls of teleportation The wight hits you with a +1 battleaxe!!
You die...

##.....##.# .#..........####..# .
#.................#.....
.#...#....................#
.....#z..<............ ..##
##...## #.......#....##...##
#...§§###)...........#.....#
#§...§§§##...§####..........####
#§§§[.§§.§#...zz@##....>......#..
..§..§§.§)....#z###..............
...§§§§.§.....§§.##..............
z..§..§§§.....#..#....#......##..
#§§..§§§§§##.###.....##.......#.#
##§§...§§###..####..............#
##....§# ...# #...............
##...####.... .................
###........#....................


You could see 3 wights.

Vanquished Creatures
  An acid dragon (D:5)
  A water moccasin (D:7)
  4 sky beasts
  2 ice beasts
  A black bear (D:6)
  An ogre (D:5)
  2 phantoms
  9 scorpions
  A bullfrog (D:7)
  A gnoll sergeant (D:6)
  5 wights
  A howler monkey (D:5)
  5 centaur zombies (Ossuary)
  3 human zombies (Ossuary)
  3 orc priests (D:6)
  2 jellies
  An iguana (D:7)
  2 scorpion zombies (Ossuary)
  7 orc wizards
  3 mummies (Ossuary)
  Robin (D:3)
  8 gnolls
  5 adders
  A shadow imp (D:7)
  An ufetubus (D:5)
  3 worms
  2 dart slugs
  20 orcs
  5 endoplasms
  5 giant cockroaches
  13 goblins
  12 hobgoblins
  2 jackals (D:2)
  2 quokkas
  6 ball pythons
  7 bats
  3 frilled lizards
  A gnoll zombie (Ossuary)
  A goblin zombie (Ossuary)
  8 kobolds
  2 kobold zombies (Ossuary)
  4 orc zombies (Ossuary)
  9 rats
176 creatures vanquished.

Notes
Turn   | Place    | Note
-------+----------+-------------------------------------------
     0 | D:1      | rabbitsville the Deep Elf Conjurer began the quest for the
                  | Orb.
     0 | D:1      | Reached XP level 1. HP: 10/10 MP: 6/6
   229 | D:1      | Reached XP level 2. HP: 15/15 MP: 6/8
   621 | D:1      | Reached skill level 5 in Conjurations
   859 | D:1      | Reached XP level 3. HP: 19/19 MP: 6/10
  1351 | D:2      | Found a faded altar of an unknown god.
  1465 | D:2      | Learned a level 2 spell: Searing Ray
  2186 | D:3      | Reached XP level 4. HP: 24/24 MP: 7/12
  2367 | D:3      | Reached skill level 6 in Conjurations
  2491 | D:3      | Identified the +2 helmet of Riynel {rN++ MP-9}
  2491 | D:3      | Noticed Robin
  2725 | D:3      | Killed Robin
  2726 | D:3      | Reached XP level 5. HP: 24/28 MP: 8/14
  2905 | D:4      | Found Sulacag's Jewellery Shoppe.
  2905 | D:4      | Noticed a phantom
  2917 | D:4      | Found a sand-covered staircase.
  2938 | Ossuary  | Entered an ossuary
  3017 | Ossuary  | Reached skill level 5 in Spellcasting
  3156 | Ossuary  | Reached skill level 7 in Conjurations
  3156 | Ossuary  | Reached XP level 6. HP: 32/32 MP: 8/16
  3319 | Ossuary  | Reached skill level 1 in Fire Magic
  3592 | Ossuary  | Reached XP level 7. HP: 36/36 MP: 11/18
  3753 | Ossuary  | Reached skill level 8 in Conjurations
  4540 | D:4      | Found a blossoming altar of Fedhas.
  4805 | D:4      | Reached skill level 9 in Conjurations
  4805 | D:4      | Reached XP level 8. HP: 32/41 MP: 12/20
  5694 | D:5      | Entered Level 5 of the Dungeon
  5908 | D:4      | Learned a level 5 spell: Fireball
  6343 | D:5      | Reached skill level 10 in Conjurations
  6561 | D:5      | Reached skill level 5 in Fire Magic
  7330 | D:4      | Reached XP level 9. HP: 44/45 MP: 14/23
  7945 | D:6      | Reached skill level 11 in Conjurations
  8328 | D:6      | Found a staircase to the Ecumenical Temple.
  8333 | Temple   | Entered the Ecumenical Temple
  8548 | D:6      | Found a radiant altar of Vehumet.
  8557 | D:6      | Became a worshipper of Vehumet
  8942 | D:7      | Found a shadowy altar of Dithmenos.
  9214 | D:7      | Demolished by a wight

Illustrated notes

Levels and vault maps discovered:
D:1:      ncdulo_lavacross, layout_basic, minmay_misc_feat_roman
D:2:      minmay_skewed_foursquare, layout_basic,
          shapermc_ecumenical_altar_starsandcircs
D:3:      layout_rooms, uniq_robin
D:4:      layout_basic, mainiacjoe_overflow_alcove_1,
          nicolae_ossuary_entry_plus, serial_corexii_hall,
          corexii_hall_statues_s, corexii_hall_statues_i,
          chequers_hall_statues_corner_a, st_stairs_2, nicolae_take_the_stairs
D:5:      layout_rooms, hangedman_decor_growths, bh_walls_and_bars
D:6:      layout_loops_ring, lemuel_round_altar, temple_statues
D:7:      layout_cave_pools, nicolae_dithmenos_the_darkroom
Temple:   eino_temple_scatter_basement

Skill      XL: |  1  2  3  4  5  6  7  8  9 |
---------------+----------------------------+-----
Conjurations   | 5 6 7 9 10 11 | 11.5
Spellcasting   | 4 5 6 7 8 9 |  9.5
Fire Magic     | 2 3 5 6 |  6.3
Dodging        | |  2.4
Stealth        | |  2.4

Action                   |  1- 3 |  4- 6 |  7- 9 || total
-------------------------+-------+-------+-------++-------
Melee: Short sword       |     1 |    23 |     2 ||    26
       Mace              |       |       |     6 ||     6
       Whip              |       |       |     1 ||     1
 Cast: Magic Dart        |    78 |    69 |   205 ||   352
       Searing Ray       |     1 |    13 |    46 ||    60
       Fireball          |       |       |     1 ||     1
  Use: Potion            |       |       |     2 ||     2
       Scroll            |       |       |     4 ||     4
Armor: Robe              |       |    13 |    24 ||    37
Dodge: Dodged            |     3 |    45 |    57 ||   105

Table legend: (Time is in decaauts)
 A = Elapsed time spent in this place.
 B = Non-inter-level travel time spent in this place.
 C = Inter-level travel time spent in this place.
 D = Time resting spent in this place.
 E = Time spent auto-exploring this place.
 F = Levels seen in this place.
 G = Mean time per level.
                   A        B        C        D        E       F      G
               +--------+--------+--------+--------+--------+-----+--------+
         Total |   9222 |   8827 |    395 |   2191 |   4452 |   9 | 1024.7 |
       Dungeon |   7490 |   7107 |    383 |   1258 |   4172 |   7 | 1070.0 |
        Temple |    164 |    152 |     12 |      0 |    137 |   1 |  164.0 |
       Ossuary |   1567 |   1567 |      0 |    933 |    143 |   1 | 1567.0 |
               +--------+--------+--------+--------+--------+-----+--------+

Top non-repeatable levels by time:
 Ossuary: 1567 daAuts
     D:4: 1530 daAuts
     D:6: 1371 daAuts
     D:5: 1358 daAuts
     D:1: 1301 daAuts
     D:2: 856 daAuts
     D:3: 799 daAuts
     D:7: 272 daAuts
  Temple: 164 daAuts
